 Dungeon Crawl Stone Soup version 0.26-a0-670-g578ab304f5 (webtiles) character file.

Game seed: 18029851056746876991

195 Kinoniko the Skirmisher (level 5, 0/59 HPs)
             Began as an Ogre Berserker on Oct 19, 2020.
             Was a Believer of Trog.
             Slain by an orc
             ... wielding a +0 falchion
              (6 damage)
             ... on level 3 of the Dungeon.
             The game lasted 00:04:19 (2630 turns).

Kinoniko the Skirmisher (Ogre Berserker)            Turns: 2630, Time: 00:04:20

Health: 0/59       AC:  5    Str: 22    XL:     5   Next: 74%
Magic:  5/5        EV: 10    Int: 14    God:    Trog [**....]
Gold:   174        SH:  0    Dex:  8    Spells: 4/4 levels left

rFire    . . .     SeeInvis .   a - +0 spear
rCold    . . .     Faith    .   (no shield)
rNeg     . . .     Spirit   .   o - +2 robe {MR+}
rPois    .         Reflect  .   (helmet restricted)
rElec    .         Harm     .   h - scarf {+Inv}
rCorr    .         Rampage  .   (gloves unavailable)
MR       +++..                  (boots unavailable)
Stlth    +.........             (no amulet)
HPRegen  1.19/turn              j - +6 ring of intelligence
MPRegen  0.09/turn              (no ring)

@: berserk cooldown, regenerating
A: large, unfitting armour, tough skin 1
a: Berserk, Trog's Hand, Renounce Religion, Evoke Invisibility


You were on level 3 of the Dungeon.
You worshipped Trog.
Trog was pleased with you.
You visited 1 branch of the dungeon, and saw 4 of its levels.

You collected 174 gold pieces.

Inventory:

Hand Weapons
 a - a +0 spear (weapon)
Armour
 b - a +0 animal skin
 h - a scarf of invisibility (worn)
 o - a +2 robe of magic resistance (worn)
Jewellery
 j - a +6 ring of intelligence (left hand)
Wands
 n - a wand of iceblast (3)
 q - a wand of random effects (7)
Scrolls
 c - a scroll of teleportation {unknown}
 e - 2 scrolls of fog {unknown}
 f - 3 scrolls of remove curse {unknown}
 k - a scroll of enchant armour {unknown}
 l - a scroll of magic mapping {unknown}
 p - a scroll of identify
Potions
 d - a potion of heal wounds {unknown}
 i - a potion of might {unknown}
 m - a potion of mutation {unknown}
 r - 2 potions of degeneration {unknown}


   Skills:
 + Level 5.7 Fighting
 * Level 5.2 Polearms
 - Level 2.8 Dodging


You had 4 spell levels left.
You didn't know any spells.
Your spell library was empty.

Dungeon Overview and Level Annotations

Branches:
Dungeon (4/15)
 Temple: D:4-7

Altars:
Sif Muna
Xom


Innate Abilities, Weirdness & Mutations

You are too large for most types of armour.
You have tough skin. (AC +1)


Message History

You hit the orc but do no damage.
The orc is heavily wounded.
The ball python closely misses you. The orc hits you but does no damage.
You completely miss the orc.
The orc is heavily wounded.
The ball python bites you.
* * * LOW HITPOINT WARNING * * *
The orc hits you but does no damage.
You closely miss the orc.
The orc is heavily wounded.
The ball python bites you but does no damage.
The orc hits you with a +0 falchion.
* * * LOW HITPOINT WARNING * * *
You closely miss the orc.
The orc is heavily wounded.
The ball python bites you but does no damage.
You barely miss the orc.
The orc is heavily wounded.
The ball python barely misses you. The orc hits you with a +0 falchion.
You die...

##### ##.##....#######
#._.# #....<#..###....
#...######....#.......###
#...##.....#....#.#####
#......###.#>......######
#...#### #.##.##.........
#....# #.##.##.#..#####
#....#####....##.##......
#...[..o@...####.##......
#...#####S..........####.
#...# #######...#### #.
##### ##......# #.
#####...###.###.
##......## #...#.
#..####.# ###.##
#.#####.# #..# #.#.....#
##..


You could see an orc and a ball python.

Vanquished Creatures
  An orc priest (D:4)
  A bullfrog skeleton (D:3)
  An orc wizard (D:4)
  4 adders
  An ooze (D:2)
  A worm (D:3)
  2 dart slugs (D:1)
  A leopard gecko (D:2)
  6 orcs
  A ball python (D:1)
  4 giant cockroaches
  2 goblins
  6 hobgoblins
  7 jackals
  7 kobolds
  3 quokkas
  6 bats
  3 frilled lizards
  4 rats
61 creatures vanquished.

Notes
Turn   | Place    | Note
-------+----------+-------------------------------------------
     0 | D:1      | Kinoniko the Ogre Berserker began the quest for the Orb.
     0 | D:1      | Reached XP level 1. HP: 24/24 MP: 1/1
   185 | D:1      | Reached XP level 2. HP: 32/32 MP: 2/2
   565 | D:1      | Reached XP level 3. HP: 40/40 MP: 3/3
  1112 | D:2      | Reached ** piety under Trog
  1510 | D:2      | Reached XP level 4. HP: 49/49 MP: 4/4
  1824 | D:3      | Reached skill level 5 in Fighting
  1974 | D:3      | Found a shimmering blue altar of Sif Muna.
  2024 | D:3      | Found a faded altar of an unknown god.
  2187 | D:3      | Found a shimmering altar of Xom.
  2199 | D:3      | Reached XP level 5. HP: 57/57 MP: 5/5
  2594 | D:4      | Reached skill level 5 in Polearms
  2622 | D:3      | HP: 2/59 [orc/+0 falchion (7)]
  2630 | D:3      | Slain by an orc

Illustrated notes

Levels and vault maps discovered:
D:1:      dpeg_arrival_rhombi, layout_loops_ring, st_stairs_3, kennysheep_boxes
D:2:      layout_basic
D:3:      layout_rooms, overflow_temple_1_default, xom_butterflies,
          chequers_ecumenical_altar_simple
D:4:      layout_basic, fiery_altar_vehumet, lemuel_crystal_altar,
          uniq_blork_the_orc, uniq_duvessa, uniq_ijyb

Skill      XL: |  1  2  3  4  5 |
---------------+----------------+-----
Polearms       | 4 5 |  5.2
Fighting       | 5 |  5.7
Dodging        | |  2.8

Action                   |  1- 3 |  4- 6 || total
-------------------------+-------+-------++-------
Melee: Spear             |   120 |   119 ||   239
Invok: Berserk           |     1 |     5 ||     6
       Trog's Hand       |       |     1 ||     1
  Use: Scroll            |       |     2 ||     2
       Potion            |       |     3 ||     3
Armor: Animal skin       |    31 |       ||    31
       Robe              |       |    61 ||    61
Dodge: Dodged            |    47 |    57 ||   104

Table legend: (Time is in decaauts)
 A = Elapsed time spent in this place.
 B = Non-inter-level travel time spent in this place.
 C = Inter-level travel time spent in this place.
 D = Time resting spent in this place.
 E = Time spent auto-exploring this place.
 F = Levels seen in this place.
 G = Mean time per level.
                   A        B        C        D        E       F      G
               +--------+--------+--------+--------+--------+-----+--------+
         Total |   2679 |   2575 |    104 |    624 |   1551 |   4 |  669.8 |
       Dungeon |   2679 |   2575 |    104 |    624 |   1551 |   4 |  669.8 |
               +--------+--------+--------+--------+--------+-----+--------+

Top non-repeatable levels by time:
     D:1: 950 daAuts
     D:3: 870 daAuts
     D:2: 822 daAuts
     D:4: 36 daAuts
